 Dungeon Crawl Stone Soup version 0.30-a0-1160-g6e42c06551 (webtiles) character file.

Game seed: 13623198682379711199

10 Ahpoh the Slasher (level 2, -2/16 HPs)
             Began as a Vine Stalker Berserker on Apr 26, 2023.
             Was a Follower of Trog.
             Slain by a gnoll
             ... wielding a +0 club
              (4 damage)
             ... on level 1 of the Dungeon.
             The game lasted 00:00:49 (208 turns).

Ahpoh the Slasher (Vine Stalker Berserker)           Turns: 208, Time: 00:00:50

Health: -2/16      AC:  2    Str: 19    XL:     2   Next: 20%
Magic:  0/3        EV: 12    Int:  7    God:    Trog [*.....]
Gold:   19         SH:  0    Dex: 13    Spells: 1/1 levels left

rFire   . . .        a - +0 falchion
rCold   . . .        (no shield)
rNeg    . . .        b - +0 animal skin
rPois   .            (no helmet)
rElec   .            (no cloak)
rCorr   .            (no gloves)
SInv    .            (no boots)
Will    .....        (no amulet)
Stlth   +            (no ring)
HPRegen 0.22/turn    (no ring)
MPRegen 0.08/turn

%: guardian spirit
@: no status effects
A: fangs 2, magic shield, antimagic bite, no potion heal 2
a: Renounce Religion, Berserk


You were on level 1 of the Dungeon.
You worshipped Trog.
Trog was aware of your devotion.
You visited 1 branch of the dungeon, and saw 1 of its levels.

You collected 19 gold pieces.

Inventory:

Hand Weapons
 a - a +0 falchion (weapon)
Armour
 b - a +0 animal skin (worn)
Scrolls
 c - 2 scrolls of teleportation {unknown}
Potions
 d - a potion of degeneration {unknown}


   Skills:
 + Level 2.9 Fighting
 + Level 2.9 Long Blades
 + Level 1.7 Armour
 + Level 1.6 Dodging


You had one spell level left.
You didn't know any spells.
Your spell library was empty.

Dungeon Overview and Level Annotations

Branches:
Dungeon (1/15)

Altars:


Innate Abilities, Weirdness & Mutations

You have extremely sharp teeth.
When hurt, damage is shared between your health and your magic reserves.
Your bite disrupts and absorbs the magic of your enemies.
Potions cannot restore your health.


Message History

The hobgoblin shouts!
You hear a shout!
Found a scroll labelled APLOAGUNEM.
A hobgoblin is nearby!
A hobgoblin is nearby!
You closely miss the hobgoblin. The hobgoblin hits you.
You slash the hobgoblin!
You kill the hobgoblin!
Trog accepts your kill.
A gnoll comes into view. It is wielding a +0 club.
You see here a hobgoblin corpse.
Unknown command.
There is an open door here.
You hit the gnoll but do no damage. You bite the gnoll. You drain its power.
You feel invigorated.
The gnoll is lightly wounded.
The gnoll hits you with a +0 club. The gnoll closely misses you.
You barely miss the gnoll.
The gnoll is lightly wounded.
The gnoll hits you with a +0 club.
You hit the gnoll.
The gnoll is moderately wounded.
The gnoll completely misses you.
You hit the gnoll.
The gnoll is heavily wounded.
The gnoll barely misses you.
You barely miss the gnoll.
The gnoll is heavily wounded.
The gnoll hits you with a +0 club.
You closely miss the gnoll.
The gnoll is heavily wounded.
The gnoll hits you with a +0 club!
* * * LOW HITPOINT WARNING * * *
You hit the gnoll but do no damage. You bite the gnoll. You drain its power.
You feel invigorated.
The gnoll is severely wounded.
The gnoll misses you.
You closely miss the gnoll. You bite the gnoll. You drain its power.
The gnoll is severely wounded.
The gnoll hits you with a +0 club!
You die...

#~~..~~~~~~.# #
##~~.......8..#
# #####++###...#
# ###........##
# #......?....#
###
#...........##.
..######
#..............
.:.....#
#.......g..#
.......#
#......@...#
.......#
#..........#
.......#
#####'######
.......# ####†#
.......# #....#
.......####.####
.........##.##..
.......#.##.##.#
...#####.##.##.#


You could see a gnoll.

Vanquished Creatures
  2 endoplasms (D:1)
  2 hobgoblins (D:1)
  A kobold (D:1)
  2 quokkas (D:1)
  A frilled lizard (D:1)
8 creatures vanquished.

Notes
Turn   | Place    | Note
-------+----------+-------------------------------------------
     0 | D:1      | Ahpoh the Vine Stalker Berserker began the quest for the
                  | Orb.
     0 | D:1      | Reached XP level 1. HP: 11/11 MP: 2/2
    89 | D:1      | Reached XP level 2. HP: 5/16 MP: 0/3
   208 | D:1      | Slain by a gnoll

Illustrated notes

Levels and vault maps discovered:
D:1:      psy_arrival_whirlpool, layout_basic, chequers_serial_rivers_micro_c

Action                     || total
---------------------------++-------
  Melee: Falchion          ||    26
         Bite              ||     7
 Invoke: Berserk           ||     1
  Dodge: Dodged            ||    13

Table legend: (Time is in decaauts)
 A = Elapsed time spent in this place.
 B = Non-inter-level travel time spent in this place.
 C = Inter-level travel time spent in this place.
 D = Time resting spent in this place.
 E = Time spent auto-exploring this place.
 F = Levels seen in this place.
 G = Mean time per level.
                   A        B        C        D        E       F      G
               +--------+--------+--------+--------+--------+-----+--------+
         Total |    223 |    223 |      0 |     43 |     99 |   1 |  223.0 |
       Dungeon |    223 |    223 |      0 |     43 |     99 |   1 |  223.0 |
               +--------+--------+--------+--------+--------+-----+--------+

Top non-repeatable levels by time:
     D:1: 223 daAuts
